AoeStats
← 伐木人

Arena

510714254Analyzed
4v4 RM · 13h ago on Oct 2, 2026· 82m 13s· 8 players
Game mode
Random Map
Map size
Large (8 player)
Population
200
Speed
Normal
Resources
Standard
Victory
Conquest
Starting age
Dark Age
Ending age
Imperial Age
RankedLock teamsTeams togetherTeam positionsShared explorationLock speedFull tech treeHidden civsTurbo modeCheats
Victory
Defeat
🇲🇽 Khmer · Mexico
892
+14
🇮🇳 Bohemians · India
785
+19
🇨🇳 Poles · China
779
+19
🇺🇸 Franks · United States
742
+20
🇨🇳 Magyars · China
876
-19
🇧🇪 Danes · Belgium
850
-18
🇮🇳 Britons · India
847
-18
🇦🇺 Turks · Australia
828
-17
EnKAa26
8:06 Loom
10:52 Feudal Age
11:31 Double-Bit Axe
16:52 Wheelbarrow
18:52 Castle Age
21:17 Horse Collar
21:30 Arson
21:47 Squires
21:32 Gambesons
22:22 Town Watch
22:55 Bow Saw
24:47 Scale Mail Armor
27:07 Forging
30:34 Iron Casting
35:10 Chain Mail Armor
37:34 Imperial Age
35:21 Heavy Plow
36:00 Gold Mining
38:49 Conscription
39:55 Murder Holes
40:22 Ballistics
41:14 Hamask
45:25 Blast Furnace
49:28 Stone Mining
52:52 Elite Jomsviking
55:18 Plate Mail Armor
58:09 Northmen's Fury
61:44 Town Patrol
63:57 Bloodlines
63:48 Husbandry
64:33 Light Cavalry
65:31 Scale Barding Armor
xmvo3003
11:45 Feudal Age
14:13 Loom
17:02 Castle Age
15:09 Horse Collar
16:18 Double-Bit Axe
18:53 Wheelbarrow
18:52 Heavy Plow
30:15 Imperial Age
28:16 Yeomen
27:52 Fletching
28:02 Padded Archer Armor
28:47 Bow Saw
28:58 Hand Cart
28:31 Town Watch
29:05 Gold Mining
29:09 Stone Mining
29:44 Bodkin Arrow
30:06 Leather Archer Armor
30:23 Pikeman
31:29 Bracer
32:00 Ring Archer Armor
31:56 Ballistics
31:46 Halberdier
32:28 Squires
33:47 Chemistry
32:29 Treadmill Crane
33:06 Forging
32:57 Scale Mail Armor
33:47 Conscription
34:03 Fortified Wall
34:06 Scale Mail Armor
35:11 Gold Shaft Mining
34:22 Elite Longbowman
36:30 Two-Man Saw
42:14 Iron Casting
41:56 Chain Mail Armor
44:16 Blast Furnace
43:48 Plate Mail Armor
43:52 Siege Engineers
43:58 Masonry
46:47 Architecture
46:57 Hoardings
58:16 Warwolf
58:08 Arson
resistancejohnconner
2:40 Loom
10:44 Feudal Age
15:12 Castle Age
14:18 Gold Mining
14:38 Stone Mining
17:35 Horse Collar
17:48 Double-Bit Axe
40:52 Gold Shaft Mining
45:45 Wheelbarrow
47:49 Heavy Plow
48:06 Bow Saw
54:54 Hand Cart
伐木人
10:46 Feudal Age
10:18 Loom
15:44 Castle Age
14:21 Double-Bit Axe
18:49 Wheelbarrow
22:15 Man-at-Arms
27:28 Long Swordsman
27:54 Arson
35:58 Imperial Age
34:04 Corvinian Army
39:41 Conscription
38:43 Pikeman
40:26 Gold Mining
40:27 Stone Mining
40:27 Gold Mining
62:42 Horse Collar
66:26 Onager
69:56 Capped Ram
reyangel141
11:03 Feudal Age
15:11 Castle Age
13:44 Horse Collar
16:34 Wheelbarrow
19:14 Hand Cart
21:03 Double-Bit Axe
22:26 Loom
30:22 Bow Saw
45:17 Imperial Age
43:43 Town Watch
44:01 Caravan
44:42 Gold Mining
46:45 Elite Battle Elephant
47:27 Husbandry
47:38 Bloodlines
49:26 Town Patrol
50:23 Scale Barding Armor
50:29 Forging
51:25 Chain Barding Armor
54:30 Iron Casting
54:31 Plate Barding Armor
54:06 Heavy Plow
57:22 Blast Furnace
56:37 Elite Skirmisher
60:48 Conscription
61:20 Tusk Swords
62:25 Elite Ballista Elephant
64:41 Double Crossbow
65:40 Fletching
65:52 Padded Archer Armor
72:06 Chemistry
71:27 Ballistics
70:53 Spies/Treason
73:58 Scale Mail Armor
73:54 Bodkin Arrow
74:15 Leather Archer Armor
80:27 Capped Ram
81:23 Siege Ram
nickvictory98
12:26 Feudal Age
18:18 Castle Age
18:39 Scale Barding Armor
19:01 Light Cavalry
21:37 Double-Bit Axe
46:39 Imperial Age
50:21 Cavalier
60:20 Loom
71:38 Capped Ram
77:57 Spies/Treason
妍芸
10:58 Feudal Age
15:33 Castle Age
14:09 Double-Bit Axe
15:05 Horse Collar
17:57 Wheelbarrow
23:52 Loom
24:10 Gold Mining
25:20 Bow Saw
25:45 Szlachta Privileges
26:48 Husbandry
26:58 Bloodlines
27:00 Forging
26:55 Scale Barding Armor
28:10 Hand Cart
30:22 Chain Barding Armor
30:37 Iron Casting
36:29 Imperial Age
35:33 Coinage
38:19 Blast Furnace
36:40 Cavalier
37:20 Stone Mining
38:04 Conscription
44:14 Heavy Plow
46:38 Elite Obuch
47:34 Scale Mail Armor
48:08 Light Cavalry
51:54 Winged Hussar
53:57 Lechitic Legacy
58:09 Crop Rotation
61:26 Chain Mail Armor
70:31 Spies/Treason
darockstar686
11:01 Feudal Age
16:21 Castle Age
19:07 Fervor
29:18 Wheelbarrow
29:24 Fletching
29:48 Loom
29:50 Town Watch
31:39 Hand Cart
38:25 Imperial Age
36:39 Bodkin Arrow
37:51 Chemistry
37:08 Masonry
37:45 Murder Holes
38:12 Ballistics
38:03 Fortified Wall
40:11 Bracer
40:12 Scale Mail Armor
40:13 Padded Archer Armor
40:24 Forging
40:12 Houfnice
40:58 Town Patrol
41:34 Architecture
41:26 Bombard Tower
40:55 Arrowslits
41:40 Elite Skirmisher
41:51 Pikeman
42:32 Squires
42:18 Arson
43:14 Leather Archer Armor
43:15 Chain Mail Armor
42:23 Elite Hussite Wagon
43:24 Conscription
43:11 Wagenburg Tactics
43:06 Halberdier
45:56 Plate Mail Armor
45:57 Ring Archer Armor
46:03 Iron Casting
45:37 Siege Engineers
45:23 Guard Tower
49:09 Keep
54:22 Blast Furnace
53:04 Horse Collar
53:11 Double-Bit Axe
53:31 Caravan
53:43 Guilds
54:04 Coinage
54:18 Heavy Plow
54:30 Bow Saw
56:37 Two-Man Saw
56:12 Banking
75:43 Spies/Treason
Connection lost

Rejoining the realm…

Still unreachable

The connection could not be restored.

Session expired

The server has moved on; the page needs a fresh start.